 Dungeon Crawl Stone Soup version 0.25.1-2-g60ff931df9 (webtiles) character file.

Game seed: 6729944296234601199

2894 Asdor the Spear-Bearer (level 9, -8/68 HPs)
             Began as a Demonspawn Abyssal Knight on Oct 20, 2020.
             Was a Priest of Lugonu.
             Shot with a sling bullet by Joseph (19 damage)
             ... on level 8 of the Dungeon.
             The game lasted 00:15:55 (10644 turns).

Asdor the Spear-Bearer (Demonspawn Abyssal Knight) Turns: 10644, Time: 00:15:55

Health: -8/68      AC: 11    Str: 15      XL:     9   Next: 48%
Magic:  13/13      EV: 13    Int: 15      God:    Lugonu [***...]
Gold:   300        SH:  0    Dex: 11 (12) Spells: 8/8 levels left

rFire    . . .     SeeInvis .   q - +3 trident (venom)
rCold    + . .     Gourm    .   (no shield)
rNeg     . . .     Faith    .   b - +0 leather armour
rPois    .         Spirit   .   (no helmet)
rElec    .         Reflect  .   (no cloak)
rCorr    .         Harm     .   (no gloves)
MR       .....                  (no boots)
Stlth    ++........             (no amulet)
HPRegen  0.21/turn              j - +4 ring of protection
MPRegen  0.13/turn              o - ring of stealth

@: mighty
A: talons 1, icy blue scales 3, powered by pain 1
a: Depart the Abyss, Bend Space, Banish, Renounce Religion


You were on level 8 of the Dungeon.
You worshipped Lugonu.
Lugonu was most pleased with you.
You were not hungry.

You visited 2 branches of the dungeon, and saw 9 of its levels.
You visited the Abyss 1 time.
You also visited: Sewer.

You collected 300 gold pieces.

Inventory:

Hand Weapons
 a - a +1 spear
 f - a +0 halberd
 q - a +3 trident of venom (weapon)
Armour
 b - a +0 leather armour (worn)
Jewellery
 j - a +4 ring of protection (left hand)
 k - an uncursed ring of magical power
 m - an uncursed ring of fire
 o - a ring of stealth (right hand)
Wands
 l - a wand of random effects (6)
 n - a wand of enslavement (8)
 t - a wand of digging (7)
 y - a wand of paralysis (6)
Scrolls
 e - 4 scrolls of teleportation
 g - a scroll of magic mapping
 h - 3 scrolls of identify
 i - 2 scrolls of remove curse
 p - 2 scrolls of blinking
 s - a scroll of fear
 z - a scroll of amnesia {unknown}
Potions
 d - 2 potions of curing
 r - 3 potions of brilliance
 u - 2 potions of invisibility {unknown}
 v - a potion of lignification
 w - 3 potions of flight
 x - a potion of might {unknown}
 A - 2 potions of haste {unknown}
 B - a potion of berserk rage {unknown}
Comestibles
 c - 11 rations


   Skills:
 + Level 5.6 Fighting
 + Level 8.3 Polearms
 + Level 4.6 Armour
 + Level 4.7 Dodging
 + Level 6.6 Invocations


You had 8 spell levels left.
You didn't know any spells.
Your spell library was empty.

Dungeon Overview and Level Annotations

Branches:
Dungeon (8/15)             Temple (1/1) D:6           Sewer (visited)
   Lair: D:8-11

Altars:
Ashenzari
Cheibriados
Dithmenos
Elyvilon
Fedhas
Gozag
Hepliaklqana
Kikubaaqudgha
Makhleb
Nemelex Xobeh
Okawaru
Qazlal
Ru
Sif Muna
Trog
Uskayaw
Vehumet
Wu Jian
Xom
Yredelemnul
Zin
The Shining One

Annotations:
D:8 Joseph


Innate Abilities, Weirdness & Mutations

You have sharp toenails.
You are completely covered in icy blue scales. (AC +4, rC+)
You sometimes gain a little power by taking damage.


Message History

You focus on the pain.
You feel very mighty all of a sudden.
You feel better. Joseph barely misses you.
You puncture Joseph!
Joseph looks as sick as possible!
Joseph is severely wounded.
Joseph hits you with a +4 quarterstaff of speed.
You barely miss Joseph. You claw Joseph!
Joseph is severely wounded.
Joseph hits you with a +4 quarterstaff of speed.
* * * LOW HITPOINT WARNING * * *
The freed slave barely misses Joseph.
Joseph unwields a +4 quarterstaff of speed.
Joseph wields a +0 hunting sling.
Joseph shoots a sling bullet.
The sling bullet hits you!
* * * LOW HITPOINT WARNING * * *
You focus on the pain.
You feel mightier all of a sudden.
You see here a sling bullet.
You feel better.
Joseph shoots a sling bullet.
The sling bullet hits you!!
You die...

.. .# ##. #.#
#.. #.# #..##.#
#.....# ##
#.#<..# ..
#..(..#+##'###
#.#...([p.......
#>...@(.........
#.#.#..((.<..(##
#.#.#.#@#'##'##
# #.#.#)#.# #
#.#.#(#p## ##
.....(... ...
#.#.#'##'##$
#....)......
#..........#


You could see Joseph (extremely poisoned) and a neutral freed slave (wandering).

Vanquished Creatures
  Pikel (D:8)
  Prince Ribbit (D:5)
  An acid dragon (D:8)
  A sky beast (D:6)
  An ice beast (D:7)
  A slave (D:7)
  3 ogres
  2 centaurs
  2 big kobolds (Sewer)
  A bullfrog (D:6)
  2 scorpions
  3 howler monkeys
  5 crimson imps
  A centaur zombie (D:6)
  A quasit (D:8)
  A jelly (D:6)
  2 bullfrog skeletons
  2 orc priests
  A centaur skeleton (D:5)
  6 orc wizards
  2 bullfrog zombies
  3 iguanas
  3 worker ants
  A hound skeleton (D:6)
  A worker ant zombie (D:6)
  7 gnolls
  5 adders
  A river rat (Sewer)
  A shadow imp (D:8)
  2 oozes (D:2)
  An adder skeleton (D:5)
  An adder zombie (D:6)
  6 worms
  3 dart slugs
  7 leopard geckos
  26 orcs
  7 ball pythons
  6 giant cockroaches
  3 goblins
  10 hobgoblins
  15 jackals
  16 kobolds
  9 quokkas
  8 bats
  2 frilled lizards
  A leopard gecko skeleton (D:8)
  16 rats
201 creatures vanquished.

Vanquished Creatures (others)
  A slave (D:8)
  2 starspawn tentacles (Abyss:1)
3 creatures vanquished.

Grand Total: 204 creatures vanquished

Notes
Turn   | Place    | Note
-------+----------+-------------------------------------------
     0 | Abyss:1  | Asdor the Demonspawn Abyssal Knight began the quest for the
                  | Orb.
     0 | Abyss:1  | Reached XP level 1. HP: 18/18 MP: 2/2
    71 | Abyss:1  | Noticed a starcursed mass
    97 | Abyss:1  | Noticed a quasit
   110 | Abyss:1  | Noticed a small abomination
   133 | Abyss:1  | Noticed a large abomination
   135 | Abyss:1  | Noticed a tentacled starspawn
   140 | D:1      | Escaped the Abyss
   185 | D:1      | Reached skill level 1 in Dodging
   193 | D:1      | Reached skill level 2 in Polearms
   341 | D:1      | Reached * piety under Lugonu
   344 | D:1      | Gained mutation: You sometimes gain a little power by
                  | taking damage. [demonic ancestry]
   344 | D:1      | Reached XP level 2. HP: 22/24 MP: 3/3
  1006 | D:1      | Gained mutation: You are partially covered in icy blue
                  | scales. (AC +2) [demonic ancestry]
  1006 | D:1      | Reached XP level 3. HP: 29/29 MP: 4/4
  1330 | D:2      | Reached skill level 3 in Polearms
  1759 | D:2      | Gained mutation: You have sharp toenails. [demonic
                  | ancestry]
  1759 | D:2      | Reached XP level 4. HP: 24/35 MP: 5/5
  2288 | D:1      | Reached skill level 4 in Polearms
  2398 | D:2      | Reached XP level 5. HP: 26/41 MP: 6/6
  2560 | D:2      | Reached ** piety under Lugonu
  3322 | D:3      | Found a radiant altar of Vehumet.
  4041 | D:3      | Found a stormy altar of Qazlal.
  4041 | D:3      | Found an ancient bone altar of Kikubaaqudgha.
  4149 | D:4      | Found a burning altar of Makhleb.
  4165 | D:4      | Reached skill level 5 in Polearms
  4170 | D:4      | Gained mutation: You are mostly covered in icy blue scales.
                  | (AC +3) [demonic ancestry]
  4170 | D:4      | Reached XP level 6. HP: 46/47 MP: 7/7
  4432 | D:4      | Found a glowing drain.
  4456 | Sewer    | Entered a sewer
  4556 | Sewer    | Reached skill level 6 in Polearms
  5137 | D:4      | Found a hide-covered altar of Uskayaw.
  5143 | D:4      | Reached XP level 7. HP: 46/52 MP: 8/8
  5800 | D:4      | Reached skill level 7 in Polearms
  6163 | D:5      | Entered Level 5 of the Dungeon
  6252 | D:5      | Reached *** piety under Lugonu
  6469 | D:5      | Noticed Prince Ribbit
  6475 | D:5      | HP: 2/52 [Prince Ribbit (15)]
  6803 | D:5      | Killed Prince Ribbit
  6803 | D:5      | Reached XP level 8. HP: 41/60 MP: 10/10
  8363 | D:6      | Reached skill level 5 in Invocations
  8571 | D:6      | Found a shattered altar of Ashenzari.
  8805 | D:6      | Found a staircase to the Ecumenical Temple.
  9049 | Temple   | Entered the Ecumenical Temple
  9475 | D:7      | Gained mutation: You are completely covered in icy blue
                  | scales. (AC +4, rC+) [demonic ancestry]
  9475 | D:7      | Reached XP level 9. HP: 64/67 MP: 13/13
  9514 | D:7      | Reached skill level 8 in Polearms
  9787 | D:7      | Reached skill level 5 in Fighting
 10031 | D:7      | Found a snail-covered altar of Cheibriados.
 10220 | D:8      | Found a white marble altar of Elyvilon.
 10358 | D:8      | Noticed Joseph
 10359 | D:8      | Noticed Pikel
 10617 | D:8      | Killed Pikel
 10644 | D:8      | Shot with a sling bullet by Joseph

Illustrated notes

Levels and vault maps discovered:
D:1:      dpeg_arrival_more_subterranean_lakeside_camping, layout_basic,
          minmay_misc_feat_square, minmay_close_crescents
D:2:      layout_basic, first_ration, minmay_misc_feat_columns
D:3:      layout_basic, vehumet_crystals, gammafunk_temple_overflow_elements,
          minivault_14
D:4:      layout_cave_pods, eat_drink_and_be_merry_uskayaw,
          kennysheep_little_box, gup_sewer_entry_spiral
D:5:      layout_rooms, uniq_prince_ribbit1
D:6:      layout_gridville, lemuel_doored_altar, lemuel_temple_firewalk_b,
          minmay_misc_feat_plants, grunt_decor_fettered
D:7:      layout_gridville, cheibrodos_worm_habitat
D:8:      layout_basic, elyvilon_altar_5, special_room [special_room_orc],
          due_unseen_surprise, uniq_pikel, uniq_joseph
Temple:   zaba_magenta_temple

Skill      XL: |  1  2  3  4  5  6  7  8  9 |
---------------+----------------------------+-----
Dodging        | 1 2 3 4 |  4.7
Polearms       | 2 3 4 5 6 7 8 |  8.3
Armour         | 2 3 4 |  4.6
Invocations    | 3 5 6 |  6.6
Fighting       | 4 5 |  5.6

Action                   |  1- 3 |  4- 6 |  7- 9 || total
-------------------------+-------+-------+-------++-------
Melee: Spear             |   164 |     3 |       ||   167
       Halberd           |       |   288 |   289 ||   577
       Kick              |       |    41 |    79 ||   120
       Trident           |       |       |    88 ||    88
Invok: Depart the Abyss  |     1 |       |       ||     1
Evoke: Wand              |       |       |     3 ||     3
  Use: Scroll            |     2 |     1 |    11 ||    14
       Potion            |       |       |     6 ||     6
 Stab: Sleeping          |     1 |     7 |     7 ||    15
       Distracted        |       |       |     1 ||     1
  Eat: Chunk             |     2 |    12 |    11 ||    25
       Ration            |       |       |     2 ||     2
Armor: Leather armour    |    48 |   117 |   156 ||   321
       Skin              |       |       |    16 ||    16
Dodge: Dodged            |    86 |   175 |   231 ||   492
